Map: Deathaura LE

Players

Reynor

  • Race: Zerg Zerg
  • Spawn Location: 11:00

HeroMarine - Winner!

  • Race: Terran Terran
  • League: Master
  • Spawn Location: 5:00

Event: DreamHack SC2 Masters 2020 Summer Europe

VOD

Have the link to the VOD?

Description

Time

  • Played on: July 7, 2020, 1:24 p.m.
  • Length: 15:20

All games in this series

Show
View Real Time Build Order
Export as new Build Order

Reynor Zerg 

Build Orders: Hatch First 

Get SALT Encoding   

  12  0:00  Drone  
  13  0:12  Overlord  
  13  0:17  Drone  
  14  0:30  Drone x2  
  16  0:48  Hatchery  
  15  0:51  Drone  
  15  0:55  Drone  
  17  0:59  Drone  
  18  1:09  Extractor  
  17  1:14  Spawning Pool  
  17  1:16  Drone  
  17  1:20  Drone  
  18  1:28  Drone  
  19  1:38  Drone  
  20  1:50  Drone  
  21  2:00  Queen  
  21  2:01  Zergling x4, Queen  
  27  2:13  Overlord  
  27  2:20  Hatchery  
  27  2:21  Drone  
  27  2:24  Drone  
  28  2:32  Drone x3  
  31  2:38  Metabolic Boost  
  31  2:45  Queen  
  31  2:49  Overlord  
  33  2:52  Drone  
  33  2:54  Drone  
  33  2:57  Drone  
  36  3:10  Drone  
  36  3:11  Drone x4  
  41  3:16  Overlord  
  41  3:19  Drone  
  42  3:25  Drone  
  42  3:26  Roach Warren, Extractor  
  41  3:31  Zergling x2  
  41  3:33  Zergling x2  
  43  3:36  Queen  
  43  3:37  Zergling x2  
  43  3:40  Zergling x2  
  47  3:44  Zergling x2  
  47  3:47  Overlord  
  48  3:50  Drone x3  
  49  4:07  Roach x7  
  63  4:15  Roach  
  65  4:17  Overlord x2  
  65  4:35  Zergling x8  
  69  4:39  Zergling x4  
  69  4:42  Ravager x2  
  72  4:48  Zergling x8  
  72  4:49  Ravager  
  72  4:51  Overlord  
  78  4:52  Zergling x2  
  78  4:53  Zergling x6  
  78  4:57  Overlord  
  81  5:08  Overlord  
  79  5:15  Zergling x8  
  79  5:18  Zergling x10  
  79  5:19  Ravager x2  
  84  5:22  Zergling x4  
  84  5:24  Zergling x6  
  84  5:26  Zergling x2  
  84  5:28  Zergling x2  
  91  5:30  Ravager  
  91  5:31  Zergling x2  
  90  5:38  Zergling x4  
  90  5:42  Queen x2, Zergling x2  
  86  5:47  Ravager  
  86  5:49  Zergling x8  
  89  5:54  Zergling x6  
  82  5:59  Zergling x2  
  82  6:00  Zergling x6  
  82  6:02  Zergling x2  
  78  6:08  Zergling x6  
  75  6:13  Zergling x2  
  71  6:25  Zergling x10  
  68  6:33  Spore Crawler  
  68  6:34  Spore Crawler  
  62  6:46  Zergling x2  
  50  6:58  Drone x2, Spore Crawler  
  50  7:00  Spore Crawler  
  43  7:02  Queen  
  42  7:09  Queen  
  42  7:18  Spore Crawler  
  31  8:00  Drone  
  22  8:17  Queen  
  15  8:28  Spore Crawler  
  15  8:32  Drone  
  15  8:33  Drone  
  8  9:21  Roach  
  10  9:33  Spore Crawler  
  9  9:42  Ravager  
  10  9:52  Drone  
  11  10:05  Drone  
  10  10:33  Queen  
  12  10:44  Drone  
  11  10:59  Drone  
  12  11:10  Drone  
  12  11:20  Drone  
  13  11:27  Drone  
  14  11:48  Queen  
  14  11:54  Drone  
  17  12:03  Roach  
  19  12:08  Drone  
  19  12:15  Drone  
  21  12:27  Drone x2  
  23  12:31  Drone  
  24  12:39  Drone  
  25  12:53  Spawning Pool  
  25  12:57  Drone  
  25  13:04  Drone  
  26  13:08  Drone x2  
  28  13:16  Overlord  
  28  13:41  Queen  
  28  13:42  Spore Crawler  
  28  13:48  Zergling x6  
  30  13:49  Spore Crawler  
  30  13:55  Spore Crawler  
  24  13:59  Spore Crawler, Zergling x2  
  16  14:10  Zergling x2  
  15  14:24  Spore Crawler  
  12  14:40  Queen  
  11  15:03  Drone, Spore Crawler  
Show
View Real Time Build Order
Export as new Build Order

HeroMarine Terran - Winner!

Build Orders: Gas First Reaper Expand 

Get SALT Encoding   

  12  0:00  SCV  
  13  0:13  SCV  
  14  0:17  Supply Depot  
  14  0:25  SCV  
  14  0:27  Refinery  
  15  0:38  SCV  
  16  0:43  Barracks  
  16  0:50  SCV  
  17  1:02  SCV  
  18  1:15  SCV  
  19  1:30  Orbital Command, Reaper  
  20  1:41  Command Center  
  20  1:52  Factory  
  20  1:56  SCV  
  21  2:04  Barracks Reactor  
  21  2:08  SCV  
  22  2:13  Supply Depot  
  22  2:15  Refinery  
  22  2:20  SCV  
  23  2:35  SCV  
  24  2:42  Starport  
  24  2:45  Hellion x2  
  24  2:46  Marine  
  24  2:47  SCV  
  30  2:55  Orbital Command  
  30  2:59  SCV  
  31  3:07  Hellion  
  31  3:08  Hellion  
  35  3:13  SCV  
  36  3:20  Fusion Core  
  36  3:21  SCV  
  36  3:25  Starport Tech Lab, SCV  
  38  3:33  SCV  
  39  3:37  Marine x2, SCV  
  42  3:42  Supply Depot  
  42  3:43  Supply Depot  
  42  3:45  SCV  
  43  3:49  SCV  
  43  3:51  Factory Reactor  
  44  3:56  Marine x2  
  44  4:00  SCV  
  44  4:01  SCV  
  46  4:13  SCV x2  
  46  4:14  Marine x2  
  50  4:20  Supply Depot  
  50  4:21  Battlecruiser  
  56  4:26  SCV x2  
  56  4:30  Hellion  
  62  4:31  Hellion  
  62  4:36  Supply Depot  
  62  4:41  Marine x2, SCV x2  
  66  4:46  Bunker  
  66  4:48  Armory  
  66  4:51  Hellion  
  70  4:53  Hellion  
  70  4:54  Supply Depot  
  70  4:59  Marine x2  
  72  5:00  SCV x2  
  74  5:12  SCV x2  
  72  5:17  Marine  
  72  5:18  Marine  
  72  5:19  Hellion x2  
  61  5:24  SCV  
  60  5:31  SCV  
  60  5:38  Battlecruiser  
  53  5:45  Hellion x2  
  53  5:48  SCV x2  
  44  6:02  Marine  
  44  6:03  Marine  
  43  6:07  Hellion  
  38  6:15  SCV x2  
  35  6:29  Hellion  
  31  6:36  Hellion  
  23  6:49  Orbital Command  
  17  6:54  Orbital Command  
  16  7:17  Orbital Command  
  16  7:59  Orbital Command  
  12  9:00  Orbital Command  
  12  9:47  Orbital Command  
  12  10:08  Orbital Command  
  12  10:33  SCV  
  13  10:45  SCV  
  14  11:20  SCV  
  15  11:36  SCV  
  16  11:49  SCV  
  17  12:01  SCV  
  18  12:04  Refinery  
  18  12:13  SCV  
  19  12:29  SCV  
  20  12:42  SCV  
  21  12:54  SCV  
  22  13:06  SCV  
  23  13:31  Supply Depot  
  23  13:52  SCV  
  18  14:18  SCV  
  18  14:30  SCV  
  18  14:44  SCV  
  19  15:01  SCV  
Tags
 
Add a new tag
Caveats
  • Supply blocks, unpowered buildings, or Contaminate may cause inaccurate times.
  • Supply counts are checked every 10 seconds.